 Dungeon Crawl Stone Soup version 0.21.1-1-g345015f (webtiles) character file.

10004 kae the Cleaver (level 11, -4/97 HPs)
             Began as a Hill Orc Fighter on May 31, 2018.
             Was a Believer of Makhleb.
             Engulfed by a cloud of flame (10 damage)
             ... in a volcano.
             The game lasted 00:12:15 (12813 turns).

kae the Cleaver (Hill Orc Fighter)                 Turns: 12813, Time: 00:12:16

Health: -4/97      AC: 17    Str: 23    XL:     11   Next: 55%
Magic:  18/18      EV: 12    Int:  8    God:    Makhleb [**....]
Gold:   612        SH:  0    Dex: 10    Spells: 10/10 levels left

rFire    . . .     SeeInvis .   F - +2 battleaxe (freeze)
rCold    + . .     Gourm    .   (shield currently unavailable)
rNeg     . . .     Faith    .   b - +0 scale mail
rPois    .         Spirit   .   D - +0 helmet
rElec    .         Reflect  .   A - +1 cloak {+Inv}
rCorr    .         Harm     .   (no gloves)
MR       .....                  (no boots)
Stlth    ..........             (no amulet)
HPRegen  0.26/turn              z - ring of protection from cold
MPRegen  0.16/turn              H - +5 ring of protection

@: no status effects
A: no striking features
a: Minor Destruction, Renounce Religion, Evoke Invisibility


You were in a volcano.
You worshipped Makhleb.
Makhleb was pleased with you.
You were near starving.

You visited 3 branches of the dungeon, and saw 12 of its levels.
You also visited: Volcano.

You collected 612 gold pieces.

Inventory:

Hand Weapons
 a - a +1 war axe
 C - a cursed -1 broad axe
 F - a +2 battleaxe of freezing (weapon)
Armour
 b - a +0 scale mail (worn)
 c - a +0 shield
 A - a +1 cloak of invisibility (worn)
 D - a +0 helmet (worn)
Jewellery
 d - an uncursed ring of protection from magic
 z - a ring of protection from cold (left hand)
 H - a +5 ring of protection (right hand)
 I - an uncursed ring of flight
Wands
 l - a wand of iceblast (20)
 p - a wand of digging (9)
 G - a wand of disintegration (9)
 Q - a wand of flame (75)
Scrolls
 g - 3 scrolls of magic mapping
 h - 2 scrolls of amnesia
 i - a scroll of enchant armour
 j - a scroll of fear
 k - 3 scrolls of identify
 n - 3 scrolls of teleportation
 w - a scroll of random uselessness
 x - 3 scrolls of remove curse
 y - a scroll of blinking
 B - 4 scrolls of immolation
 L - 2 scrolls of fog
 O - 2 scrolls of enchant weapon
Potions
 e - a potion of degeneration
 m - 3 potions of brilliance
 o - 4 potions of flight
 q - 2 potions of mutation
 r - a potion of berserk rage
 s - 4 potions of lignification
 t - a potion of magic
 u - a potion of cancellation
 v - 2 potions of agility
 E - 2 potions of curing
Books
 J - a book of Callings

   Spells                             Type                      Level
   a - Summon Small Mammal            Summoning                    1
   b - Call Imp                       Summoning                    2
   c - Call Canine Familiar           Summoning                    3
   d - Summon Guardian Golem          Hexes/Summoning              3
   e - Summon Lightning Spire         Summoning/Air                4
   f - Summon Ice Beast               Ice/Summoning                4
Comestibles
 f - 31 rations


   Skills:
 + Level 9.3 Fighting
 * Level 12.9 Axes
 + Level 8.5 Armour
 + Level 5.9 Dodging
 - Level 3.2 Shields
 * Level 10.5 Invocations


You had 10 spell levels left.
You didn't know any spells.

Dungeon Overview and Level Annotations

Branches:
Dungeon (8/15)             Temple (1/1) D:6            Lair (3/6) D:8
 Shoals (0/4) Lair:3
  Snake: Lair:2-4    Spider: Lair:2-4

Altars:
Ashenzari
Cheibriados
Dithmenos
Elyvilon
Fedhas
Gozag
Hepliaklqana
Kikubaaqudgha
Makhleb
Nemelex Xobeh
Okawaru
Qazlal
Ru
Sif Muna
Trog
Uskayaw
Vehumet
Wu Jian
Xom
Yredelemnul
Zin
The Shining One


Message History

You are too injured to fight recklessly!
You are too injured to fight recklessly!
You are too injured to fight recklessly!
You are too injured to fight recklessly!
You are too injured to fight recklessly!
You barely miss the lava snake.
The lava snake is lightly wounded.
You miss the lava snake.
You are engulfed in blazing flames.
* * * LOW HITPOINT WARNING * * *
The lava snake misses you. The lava snake spits lava at you.
The glob of lava hits you!
* * * LOW HITPOINT WARNING * * *
Unknown command.
Unknown command.
Unknown command.
You closely miss the lava snake.
The lava snake is lightly wounded.
You miss the lava snake.
You are engulfed in blazing flames.
You die...

...........§§≈§§§≈
§§≈≈≈≈≈≈§≈§≈≈§≈≈§.≈§§§§≈
≈≈§§§§§≈≈§§≈≈§≈§§§§§§≈≈≈
§≈≈≈§§§≈≈≈≈≈≈§≈≈≈≈§≈§.≈≈
≈§≈≈§§≈≈≈§§≈§§§≈§§§§§≈..
§≈§≈§§≈§≈§≈≈≈§§≈≈≈≈≈≈≈≈≈
§≈§§≈§§≈≈§.≈§..§SS§≈≈§≈§
≈≈≈≈≈§§≈≈...§..§@§§§§≈≈§
......§§....§##..§...§§.
............######.§§§§§
#.##.#..#..## #.§..§
############ #.##. ##


You could see 2 lava snakes.

Vanquished Creatures
  A two-headed ogre (D:8)
  The ghost of Tiareth the Magician, a novice DEWz (D:8)
  The ghost of TheDeathLetter the Cruncher, a novice DsMo of Makhleb (D:7)
  A black mamba (Lair:2)
  4 spiny frogs
  A komodo dragon (D:8)
  A queen bee (Lair:2)
  4 hippogriffs
  5 yaks (Lair:3)
  6 water moccasins
  8 porcupines
  3 sky beasts
  An orc warrior (D:7)
  2 ice beasts
  An ogre (D:8)
  3 crocodiles
  Blork the orc (D:6)
  A big kobold (D:8)
  4 bullfrogs
  2 scorpions
  25 killer bees
  4 wights (D:7)
  A lava snake (Volcano)
  2 crimson imps (D:5)
  An orc priest (D:6)
  A centaur skeleton (D:6)
  5 hounds
  3 orc wizards
  3 iguanas
  2 worker ants
  Natasha (thrice) (D:4 D:5)
  3 gnolls (D:4)
  12 adders
  A shadow imp (D:7)
  2 oozes
  2 adder skeletons
  A worm (D:3)
  5 dart slugs
  4 leopard geckos
  23 orcs
  5 giant cockroaches
  19 goblins
  14 hobgoblins
  11 jackals
  5 quokkas
  A ball python skeleton (D:4)
  8 bats
  3 frilled lizards
  A jackal skeleton (D:4)
  12 kobolds
  A leopard gecko skeleton (D:4)
  2 quokka skeletons
  10 rats
  2 fungi (Lair:1)
  3 plants (D:8)
251 creatures vanquished.

Vanquished Creatures (others)
  An orc wizard (D:7)
  6 plants (D:8)
7 creatures vanquished.

Grand Total: 258 creatures vanquished

Notes
Turn   | Place    | Note
-------+----------+-------------------------------------------
     0 | D:1      | kae the Hill Orc Fighter began the quest for the Orb.
     0 | D:1      | Reached XP level 1. HP: 19/19 MP: 1/1
    82 | D:1      | Reached skill level 3 in Axes
   115 | D:1      | Reached XP level 2. HP: 22/27 MP: 2/2
   383 | D:1      | Reached XP level 3. HP: 33/33 MP: 3/3
   717 | D:2      | Reached skill level 1 in Dodging
   839 | D:2      | Reached skill level 4 in Axes
   968 | D:2      | Reached XP level 4. HP: 35/40 MP: 4/4
  1607 | D:3      | Found an iron altar of Okawaru.
  1681 | D:3      | Reached XP level 5. HP: 44/47 MP: 5/5
  1988 | D:3      | Noticed a hippogriff
  1998 | D:3      | Killed a hippogriff
  1998 | D:3      | Reached skill level 5 in Fighting
  1998 | D:3      | Reached skill level 5 in Axes
  1998 | D:3      | Reached XP level 6. HP: 31/56 MP: 6/6
  2754 | D:4      | Noticed Natasha
  3205 | D:4      | Reached skill level 6 in Axes
  3264 | D:4      | Killed Natasha
  3547 | D:4      | Reached XP level 7. HP: 61/61 MP: 7/7
  3916 | D:4      | Noticed Natasha
  3940 | D:4      | Killed Natasha
  4236 | D:5      | Entered Level 5 of the Dungeon
  4385 | D:5      | Reached skill level 5 in Armour
  4461 | D:5      | Reached skill level 7 in Axes
  4658 | D:5      | Noticed Natasha
  4664 | D:5      | Killed Natasha
  4915 | D:5      | Reached XP level 8. HP: 47/70 MP: 8/8
  5296 | D:6      | Noticed Blork the orc
  5309 | D:6      | Killed Blork the orc
  5309 | D:6      | Reached skill level 8 in Axes
  5520 | D:6      | Found an opulent altar of Gozag.
  5641 | D:6      | Found an ornate altar of the Wu Jian Council.
  5642 | D:6      | Found a sacrificial altar of Ru.
  5643 | D:6      | Found an iron altar of Okawaru.
  5644 | D:6      | Found a basalt altar of Yredelemnul.
  5644 | D:6      | Found a stormy altar of Qazlal.
  5646 | D:6      | Found a bloodstained altar of Trog.
  5646 | D:6      | Found a snail-covered altar of Cheibriados.
  5647 | D:6      | Found a shattered altar of Ashenzari.
  5714 | D:6      | Found a staircase to the Ecumenical Temple.
  5886 | Temple   | Entered the Ecumenical Temple
  5959 | Temple   | Became a worshipper of Makhleb the Destroyer
  6106 | D:7      | Reached skill level 1 in Invocations
  6335 | D:7      | Reached skill level 9 in Axes
  6808 | D:7      | Noticed TheDeathLetter's ghost (novice DsMo)
  6964 | D:7      | Reached XP level 9. HP: 53/78 MP: 11/11
  7335 | D:7      | Killed TheDeathLetter's ghost
  7335 | D:7      | Reached skill level 5 in Invocations
  7678 | D:8      | Reached skill level 10 in Axes
  7816 | D:8      | Noticed a two-headed ogre
  7830 | D:8      | Killed a two-headed ogre
  7920 | D:8      | Noticed Tiareth's ghost (novice DEWz)
  7986 | D:8      | Killed Tiareth's ghost
  7986 | D:8      | Reached * piety under Makhleb
  7986 | D:8      | Reached XP level 10. HP: 23/88 MP: 15/15
  8217 | D:8      | Found a staircase to the Lair.
  8248 | D:8      | Reached skill level 11 in Axes
  9070 | Lair:1   | Entered Level 1 of the Lair of Beasts
  9086 | Lair:1   | Noticed a spiny frog
  9099 | Lair:1   | Killed a spiny frog
  9099 | Lair:1   | Reached skill level 5 in Dodging
  9156 | Lair:1   | Noticed a spiny frog
  9165 | Lair:1   | Killed a spiny frog
 10211 | Lair:1   | Noticed a spiny frog
 10224 | Lair:1   | Killed a spiny frog
 10945 | Lair:2   | Reached skill level 12 in Axes
 10956 | Lair:2   | Noticed a black mamba
 10967 | Lair:2   | Reached XP level 11. HP: 61/95 MP: 17/17
 11590 | Lair:2   | Reached skill level 10 in Invocations
 12379 | Lair:3   | Identified a scroll of acquirement
 12403 | Lair:3   | Reached ** piety under Makhleb
 12499 | Lair:3   | Found a staircase to the Shoals.
 12516 | Lair:3   | Found a dark tunnel.
 12528 | Volcano  | Entered a volcano
 12813 | Volcano  | Engulfed by a cloud of flame

Skill      XL: |  1  2  3  4  5  6  7  8  9 10 11 |
---------------+----------------------------------+-----
Axes           | 3 4 5 6 7 9 10 12 | 12.9
Fighting       | 4 5 6 7 8 9 |  9.3
Dodging        | 1 2 3 4 5 |  5.9
Armour         | 4 5 6 7 8 |  8.5
Invocations    | 3 7 9 10 | 10.5
Shields        | |  3.2

Action                   |  1- 3 |  4- 6 |  7- 9 | 10-12 || total
-------------------------+-------+-------+-------+-------++-------
Melee: War axe           |   133 |   210 |   369 |   399 ||  1111
       Battleaxe         |       |       |       |    23 ||    23
Evoke: Wand              |       |       |     1 |     7 ||     8
  Use: Scroll            |       |       |    19 |     8 ||    27
       Potion            |       |       |     1 |     3 ||     4
  Eat: Chunk             |     1 |     8 |     8 |    11 ||    28
       Ration            |       |       |     2 |     1 ||     3
Armor: Scale mail        |    84 |    96 |   168 |   152 ||   500
       Skin              |       |       |       |    40 ||    40
Dodge: Dodged            |    35 |    85 |   107 |   141 ||   368
Block: Shield            |    80 |   113 |   158 |   217 ||   568
